 Dungeon Crawl Stone Soup version 0.26.0-9-gab577f9fc5 (webtiles) character file.

Game seed: 1975146958945885103

7 EnegeticOcto the Shield-Bearer (level 1, 17/20 HPs)
             Began as a Deep Dwarf Fighter on Jan 13, 2021.
             Quit the game on level 1 of the Dungeon.
             The game lasted 00:00:36 (138 turns).

EnegeticOcto the Shield-Bearer (Deep Dwarf Fighter)  Turns: 138, Time: 00:00:37

Health: 17/20      AC:  6    Str: 19    XL:     1   Next: 83%
Magic:  1/1        EV:  7    Int:  8    God:
Gold:   0          SH:  9    Dex: 12    Spells: 0/0 levels left

rFire    . . .     SeeInvis .   a - +0 war axe
rCold    . . .     Faith    .   c - +0 kite shield
rNeg     . . .     Spirit   .   b - +0 scale mail
rPois    .         Reflect  .   (no helmet)
rElec    .         Harm     .   (no cloak)
rCorr    .         Rampage  .   (no gloves)
Will     .....                  (no boots)
Stlth    ..........             (no amulet)
HPRegen  0.00/turn              (no ring)
MPRegen  0.07/turn              (no ring)

@: non-regenerating
A: damage resistance, heal wounds, sense surroundings 1, no regeneration
a: Heal Wounds


You were on level 1 of the Dungeon.
You visited 1 branch of the dungeon, and saw 1 of its levels.

Inventory:

Hand Weapons
 a - a +0 war axe (weapon)
Armour
 b - a +0 scale mail (worn)
 c - a +0 kite shield (worn)
Scrolls
 e - a scroll of fear {unknown}
 f - 2 scrolls of random uselessness {unknown}
 g - a scroll of teleportation {unknown}
Potions
 d - a potion of might {@q3 !q}


   Skills:
 - Level 2.6 Fighting
 + Level 2.9 Axes
 - Level 3.2 Armour
 - Level 3.2 Shields


You couldn't memorise any spells.
You didn't know any spells.
Your spell library was empty.

Dungeon Overview and Level Annotations

Branches:
Dungeon (1/15)

Altars:


Innate Abilities, Weirdness & Mutations

You are resistant to damage.
You can heal yourself by infusing magical energy.
You passively map a small area around you.
You do not regenerate.


Message History

You kill the hobgoblin!
No target in view!
No target in view!
Things that are here:
a +0 club; a hobgoblin corpse
Found a scroll labelled IPNEFO WEMYPUE.
A kobold comes into view.
The kobold shouts!
The kobold throws a stone.
You block the stone.
You see here a stone.
You see here a scroll labelled IPNEFO WEMYPUE.
f - a scroll labelled IPNEFO WEMYPUE You hit the kobold.
You kill the kobold!
No target in view!
You see here a kobold corpse.
Found a scroll labelled XYEZACKOR FOTHIU.
Found a ring mail.
A rat comes into view.
You see here a scroll labelled XYEZACKOR FOTHIU.
g - a scroll labelled XYEZACKOR FOTHIU You slash the rat!
You kill the rat!
No target in view!
Found a scroll labelled IPNEFO WEMYPUE.
A hobgoblin comes into view. It is wielding a +0 club.
The hobgoblin shouts!
You block the hobgoblin's attack.
You see here a scroll labelled IPNEFO WEMYPUE.
You barely miss the hobgoblin.
The hobgoblin hits you but does no damage.
You hit the hobgoblin.
The hobgoblin is heavily wounded.
The hobgoblin hits you but does no damage.
f - 2 scrolls labelled IPNEFO WEMYPUE (gained 1)
The hobgoblin hits you but does no damage.
You block the hobgoblin's attack.
You barely miss the hobgoblin.
The hobgoblin is heavily wounded.
The hobgoblin barely misses you. The hobgoblin hits you with a +0 club.
Your scale mail prevents you from hitting the hobgoblin.
The hobgoblin is heavily wounded.
You block the hobgoblin's attack.
A giant cockroach comes into view.
The giant cockroach bites you but does no damage.
You barely miss the hobgoblin.
The hobgoblin is heavily wounded.
You closely miss the giant cockroach. You block the giant cockroach's attack.
The hobgoblin hits you with a +0 club. The giant cockroach bites you.
You hit the hobgoblin but do no damage.
The hobgoblin is heavily wounded.
You hit the giant cockroach. The hobgoblin hits you with a +0 club.
The giant cockroach bites you but does no damage.
The hobgoblin hits you with a +0 club.
Your shield and scale mail prevent you from hitting the giant cockroach.
The giant cockroach is severely wounded.
You closely miss the hobgoblin.
You block the giant cockroach's attack. x2
The hobgoblin hits you but does no damage.
You barely miss the giant cockroach.
The giant cockroach is severely wounded.
You barely miss the hobgoblin. The giant cockroach barely misses you.
The hobgoblin barely misses you.
The giant cockroach bites you but does no damage.
You slash the giant cockroach!
You kill the giant cockroach!
You slash the hobgoblin!
You kill the hobgoblin!
No target in view!
No target in view!
A frilled lizard comes into view.
The frilled lizard hisses angrily.
You block the frilled lizard's attack.
You hit the frilled lizard but do no damage.
You block the frilled lizard's attack. The frilled lizard barely misses you.
You closely miss the frilled lizard. You block the frilled lizard's attack.
You miss the frilled lizard. You block the frilled lizard's attack.
You closely miss the frilled lizard.
The frilled lizard bites you but does no damage.
You block the frilled lizard's attack.
You miss the frilled lizard. You block the frilled lizard's attack.
You closely miss the frilled lizard.
The frilled lizard bites you but does no damage.
You barely miss the frilled lizard. The frilled lizard bites you.
The frilled lizard bites you but does no damage.
You barely miss the frilled lizard.
The frilled lizard hisses.
The frilled lizard bites you but does no damage.
You barely miss the frilled lizard. You block the frilled lizard's attack.
You barely miss the frilled lizard. You block the frilled lizard's attack.
The frilled lizard bites you but does no damage.
You barely miss the frilled lizard. The frilled lizard barely misses you.
You closely miss the frilled lizard.
The frilled lizard bites you but does no damage.
The frilled lizard bites you.
You slash the frilled lizard!
You kill the frilled lizard!
No target in view!
No target in view!
You see here a frilled lizard corpse.
Are you sure you want to abandon this character and quit the game? (Confirm with "yes".)

### ### #.###.#
##### #.....#
#.... #.###.#
#.#.. #@# #.#
#.#.. #.# #.#
#.#..
#.###.########.##.
#.#....†.......##.
##################
* , , # * * * * ,
, , * * ,*


There were no monsters in sight!

Vanquished Creatures
  A giant cockroach (D:1)
  2 hobgoblins (D:1)
  A kobold (D:1)
  A frilled lizard (D:1)
  A rat (D:1)
6 creatures vanquished.

Notes
Turn   | Place    | Note
-------+----------+-------------------------------------------
     0 | D:1      | EnegeticOcto the Deep Dwarf Fighter began the quest for the
                  | Orb.
     0 | D:1      | Reached XP level 1. HP: 20/20 MP: 1/1
   138 | D:1      | Quit the game

Illustrated notes

Levels and vault maps discovered:
D:1:      mrwooster_arrival_statue_2, layout_basic, serial_curves,
          eino_curves_02, eino_curves_03, eino_curves_01, eino_curves_04

Action                   || total
-------------------------++-------
Melee: War axe           ||    26
Armor: Scale mail        ||    13
Dodge: Dodged            ||     6
Block: Kite shield       ||    15
